 Dungeon Crawl Stone Soup version 0.31-a0-408-gb642c7f9a3 (webtiles) character file.

Game seed: 35304674619563863

8 drugrobin the Sneak (level 1, -1/18 HPs)
             Began as a Demigod Delver on July 30, 2023.
             Slain by an orc
             ... wielding a +0 flail
              (6 damage)
             ... on level 5 of the Dungeon.
             The game lasted 00:01:18 (191 turns).

drugrobin the Sneak (Demigod Delver)                 Turns: 191, Time: 00:01:19

Health: -1/18      AC:  3    Str: 13    XL:     1   Next: 80%
Magic:  3/3        EV: 11    Int: 12    God:
Gold:   18         SH:  0    Dex: 15    Spells: 0/0 levels left

rFire   . . .        a - +0 hand axe
rCold   . . .        (no shield)
rNeg    . . .        b - +0 leather armour
rPois   .            (no helmet)
rElec   .            (no cloak)
rCorr   .            (no gloves)
SInv    .            (no boots)
Will    .....        (no amulet)
Stlth   +++          (no ring)
HPRegen 0.23/turn    (no ring)
MPRegen 0.08/turn

%: no passive effects
@: no status effects
A: high MP 1, forlorn, divine attributes
a: no special abilities


You were on level 5 of the Dungeon.
You visited 1 branch of the dungeon, and saw 1 of its levels.

You collected 18 gold pieces.

Inventory:

Hand Weapons
 a - a +0 hand axe (weapon)
Armour
 b - a +0 leather armour (worn)
Wands
 g - a wand of digging (3)
Scrolls
 c - a scroll of fog
 d - a scroll of revelation
 e - a scroll of fear
 h - a scroll of identify {unknown}
 i - a scroll of blinking {unknown}
Potions
 f - a potion of haste


   Skills:
 - Level 2.6 Fighting
 + Level 2.5 Axes
 - Level 1.7 Dodging
 - Level 4.5 Stealth


You couldn't memorise any spells.
You didn't know any spells.
Your spell library contained the following spells:

 Spells                   Type           Power      Damage    Failure   Level
 Necrotise                Necr           0%         1d4       38%         1
 Vampiric Draining        Necr           0%         2d6       77%         3
 Agony                    Necr           0%         N/A       100%        5


Dungeon Overview and Level Annotations

Branches:
Dungeon (5/15)
 Temple: D:4-7

Annotations:
D:5 2 transporters, osoart's ghost, amateur DgSh


Innate Abilities, Weirdness & Mutations

You have an increased reservoir of magic. (+10% MP)
You shall have no god before yourself.
Your divine heritage dramatically boosts your attributes as you level up.


Message History

You completely miss the orc.
The orc is heavily wounded.
The orc closely misses you.
You hit the orc but do no damage.
The orc is heavily wounded.
The orc closely misses you. The orc hits you with a +0 falchion.
You barely miss the orc.
The orc is heavily wounded.
The orc barely misses you.
You closely miss the orc.
The orc is heavily wounded.
The orc hits you but does no damage.
You hit the orc.
You kill the orc!
Things that are here:
a +0 falchion; a +0 leather armour; a +0 dagger Unknown command.
Okay, then.
An orc comes into view. It is wielding a +0 flail.
The orc shouts!
The orc throws a boomerang.
The boomerang misses you.
The orc throws a boomerang.
The boomerang closely misses you. The orc hits you with a +0 flail.
You hit the orc.
The orc is almost dead.
The orc barely misses you.
You closely miss the orc.
The orc is almost dead.
The orc hits you with a +0 flail.
* * * LOW HITPOINT WARNING * * *
The orc closely misses you.
You closely miss the orc.
The orc is almost dead.
The orc misses you.
Unknown command.
Unknown command.
You hit the orc but do no damage.
The orc is almost dead.
The orc hits you with a +0 flail.
You die...

#.#####....##.# #.##.# # #.#
#....##.# #.##.###### # #.#
#..).##)# #.##......# #
#.#####.<..##.######.#######.####
#...........#....................
###########.#..#####.#######.####
. #...#.#>.# #.# .......
#.#.#.#)#.######.# #...###.
#.#.........@o...# #...# #.
#.....#.#.....#### #.l.# #.
###..##.#####.# #.).# #.
#oo...!.....# ..# #... #.
############# ..# ... .... #....


You could see an orc.

Vanquished Creatures
  4 orcs (D:5)
4 creatures vanquished.

Notes
Turn   | Place    | Note
-------+----------+-------------------------------------------
     0 | D:5      | drugrobin the Demigod Delver began the quest for the Orb.
     0 | D:5      | Reached XP level 1. HP: 18/18 MP: 3/3
     1 | D:5      | Found a transporter.
     4 | D:5      | Found a transporter.
     4 | D:5      | Noticed osoart's ghost (amateur DgSh)
     5 | D:5      | Noticed a wyvern zombie
    65 | D:5      | Noticed an iguana
   191 | D:5      | Slain by an orc

Illustrated notes

Levels and vault maps discovered:
D:5:      layout_basic, gammafunk_ghost_mausoleum

Skill      XL: |  1 |
---------------+----+-----
Axes           | 2 |  2.5
Fighting       | |  2.6
Dodging        | |  1.7
Stealth        | |  4.5

Action                     || total
---------------------------++-------
  Melee: Hand axe          ||    27
   Stab: Distracted        ||     1
 Armour: Leather armour    ||     3
  Dodge: Dodged            ||    23

Table legend: (Time is in decaauts)
 A = Elapsed time spent in this place.
 B = Non-inter-level travel time spent in this place.
 C = Inter-level travel time spent in this place.
 D = Time resting spent in this place.
 E = Time spent auto-exploring this place.
 F = Levels seen in this place.
 G = Mean time per level.
                   A        B        C        D        E       F      G
               +--------+--------+--------+--------+--------+-----+--------+
         Total |    196 |    145 |     51 |      0 |      0 |   1 |  196.0 |
       Dungeon |    196 |    145 |     51 |      0 |      0 |   1 |  196.0 |
               +--------+--------+--------+--------+--------+-----+--------+

Top non-repeatable levels by time:
     D:5: 196 daAuts
